 Dungeon Crawl Stone Soup version 0.31-a0-202-g547052bce9 (webtiles) character file.

Game seed: 13805572705232373585

59 qw the Shooter (level 3, -1/20 HPs)
             Began as a Deep Elf Hunter on June 26, 2023.
             Slain by Sigmund
             ... wielding a +0 scythe
              (5 damage)
             ... on level 2 of the Dungeon.
             The game lasted 00:00:35 (888 turns).

qw the Shooter (Deep Elf Hunter)                     Turns: 888, Time: 00:00:36

Health: -1/20      AC:  7    Str: 10    XL:     3   Next: 78%
Magic:  5/5        EV: 11    Int: 13    God:
Gold:   47         SH:  0    Dex: 18    Spells: 2/2 levels left

rFire   . . .        Y - +0 shortbow
rCold   . . .        (shield currently unavailable)
rNeg    . . .        g - +1 ring mail
rPois   .            a - +0 helmet
rElec   .            (no cloak)
rCorr   .            (no gloves)
SInv    .            (no boots)
Will    .....        (no amulet)
Stlth   +            (no ring)
HPRegen 0.23/turn    (no ring)
MPRegen 0.09/turn

%: no passive effects
@: no status effects
A: no striking features
a: no special abilities


You were on level 2 of the Dungeon.
You visited 1 branch of the dungeon, and saw 2 of its levels.

You collected 47 gold pieces.


   Skills:
 - Level 1.5 Fighting
 + Level 7.3 Ranged Weapons
 - Level 2.4 Dodging
 - Level 1.2 Stealth


You had 2 spell levels left.
You didn't know any spells.
Your spell library was empty.

Inventory:

Hand Weapons
 Y - a +0 shortbow (weapon)
Armour
 a - a +0 helmet (worn)
 g - a +1 ring mail (worn)
Jewellery
 b - an amulet of regeneration
Potions
 c - a potion of brilliance {unknown}
 d - a potion of cancellation {unknown}
 e - a potion of mutation {unknown}
 i - a potion of lignification {unknown}

Dungeon Overview and Level Annotations

Branches:
Dungeon (2/15)

Altars:

Annotations:
D:2 Sigmund


Message History

You start resting.
Sigmund is nearby!
You shoot an arrow. The arrow closely misses Sigmund.
You shoot an arrow. The arrow hits Sigmund.
Sigmund is lightly wounded.
Sigmund hits you from afar with a +0 scythe.
You shoot an arrow.
The arrow hits Sigmund but does no damage.
Sigmund is lightly wounded.
You shoot an arrow. The arrow hits Sigmund.
Sigmund is moderately wounded.
Sigmund points at you and mumbles some strange words.
The puff of flame hits you!
Ouch! That really hurt!
879 ||| UPGRADING to +0 helmet.
Sigmund closely misses you.
You start putting on your armour.
You continue putting on your +0 helmet.
Sigmund mumbles some strange words.
Sigmund flickers and vanishes!
Deactivating autopickup; reactivate with Ctrl-A.
You continue putting on your +0 helmet.
Something hits you but does no damage.
Keep equipping yourself?
You continue putting on your +0 helmet. x2
Something hits you.
You finish putting on your +0 helmet.
Autopickup is now on.
Enter note:
Enter note: You start resting.
Something hits you but does no damage.
Deactivating autopickup; reactivate with Ctrl-A.
Autopickup is now on.
You start resting.
There is a strange disturbance nearby!
887 ||| Stepping randomly (disturbance).
888 ||| Stepping randomly (disturbance).
You open the door. Something hits you.
You die...

#.######### #.......@.#
#)#######.# #.# #.#
#.##### #.# ### #...).#
#.# ######... #####{# #.#
#........
#.....###.#####........
#.#...@##.@.....@....).
###.#.##'########........
#............# #........
#.#..........# ##+###...
#.###.#......# .! #
#..........# .
#.###......# #.#........#
. #.###...##


There were no monsters in sight!

Vanquished Creatures
  Robin (D:2)
  A worm (D:2)
  3 ball pythons (D:1)
  7 bats (D:1)
  3 endoplasms
  A giant cockroach (D:1)
  13 goblins (D:1)
  2 hobgoblins
  4 kobolds
  A quokka (D:1)
  2 frilled lizards (D:1)
  4 rats
42 creatures vanquished.

Notes
Turn   | Place    | Note
-------+----------+-------------------------------------------
     0 | D:1      | qw the Deep Elf Hunter began the quest for the Orb.
     0 | D:1      | Reached XP level 1. HP: 12/12 MP: 3/3
     0 | D:1      | 0 ||| qw: Version: 0.3-a-22-g0ed2b0b
     0 | D:1      | 0 ||| qw: Game counter: 5757
     0 | D:1      | 0 ||| qw: Melee chars always use a shield: true
     0 | D:1      | 0 ||| qw: God list: Okawaru
     0 | D:1      | 0 ||| qw: Allow faded altars: false
     0 | D:1      | 0 ||| qw: Do Orc after clearing Dungeon:15 true
     0 | D:1      | 0 ||| qw: Do second Lair branch before Depths: true
     0 | D:1      | 0 ||| qw: Lair rune preference: random
     0 | D:1      | 0 ||| qw: Goals: Normal
     0 | D:1      | 0 ||| PLANNING D:1-11
   112 | D:1      | Reached skill level 6 in Ranged Weapons
   112 | D:1      | Reached XP level 2. HP: 16/16 MP: 4/4
   160 | D:1      | Found a faded altar of an unknown god.
   446 | D:1      | 446 ||| UPGRADING to +0 ring mail.
   456 | D:1      | 456 ||| DROPPING +0 leather armour.
   457 | D:1      | 457 ||| DROPPING scarf of shadows.
   458 | D:1      | 458 ||| READING 2 scrolls labelled PUSHRE ZOPOL.
   459 | D:1      | 459 ||| READING scroll of enchant armour.
   459 | D:1      | 459 ||| ENCHANTING +0 ring mail.
   460 | D:1      | 460 ||| READING scroll labelled JEUPNOUN JOLOE.
   461 | D:1      | 461 ||| READING scroll labelled NIALOS GAYPHACS.
   462 | D:1      | 462 ||| DROPPING scroll of butterflies.
   464 | D:1      | 464 ||| Stepping ~*~*~tactically~*~*~ (cloud).
   467 | D:1      | HP: 4/16 [poisoned by you (poison gas)]
   561 | D:2      | Noticed Robin
   563 | D:2      | 563 ||| STAIRDANCE
   573 | D:1      | Reached XP level 3. HP: 11/20 MP: 5/5
   624 | D:2      | 624 ||| STAIRDANCE
   698 | D:2      | 698 ||| STAIRDANCE
   731 | D:2      | 731 ||| STAIRDANCE
   741 | D:2      | Killed Robin
   742 | D:2      | Reached skill level 7 in Ranged Weapons
   841 | D:2      | Noticed Sigmund
   845 | D:2      | 845 ||| FLEEEEING.
   846 | D:2      | 846 ||| FLEEEEING.
   847 | D:2      | 847 ||| FLEEEEING.
   848 | D:2      | 848 ||| FLEEEEING.
   849 | D:2      | 849 ||| FLEEEEING.
   850 | D:2      | 850 ||| FLEEEEING.
   851 | D:2      | 851 ||| FLEEEEING.
   852 | D:2      | 852 ||| FLEEEEING.
   853 | D:2      | 853 ||| FLEEEEING.
   859 | D:2      | 859 ||| FLEEEEING.
   865 | D:2      | 865 ||| FLEEEEING.
   866 | D:2      | 866 ||| FLEEEEING.
   878 | D:2      | HP: 4/20 [Sigmund/puff of flame (13)]
   879 | D:2      | 879 ||| UPGRADING to +0 helmet.
   883 | D:2      | HP: 3/20 [something (3)]
   887 | D:2      | 887 ||| Stepping randomly (disturbance).
   888 | D:2      | 888 ||| Stepping randomly (disturbance).
   888 | D:2      | Slain by Sigmund

Levels and vault maps discovered:
D:1:      dpeg_arrival_pits, layout_basic, hellmonk_ecumenical_altar_arch_garden
D:2:      layout_basic, uniq_sigmund, uniq_jessica, uniq_robin

Skill      XL: |  1  2  3 |
---------------+----------+-----
Ranged Weapons | 6 7 |  7.3
Fighting       | |  1.5
Dodging        | |  2.4
Stealth        | |  1.2

Action                     || total
---------------------------++-------
   Fire: Shortbow          ||   128
    Use: Scroll            ||     4
 Armour: Leather armour    ||    15
         Ring mail         ||    45
  Dodge: Dodged            ||    80

Table legend:
 A = Non-vault XP
 B = Vault XP
 C = Vault XP percentage of total XP
 D = Non-vault monster count
 E = Vault monster count
 F = Vault count percentage of total count
                 A         B        C        D         E       F
            +---------+---------+-------+---------+---------+-------
      Total |      49 |      36 |  42.4 |      30 |      12 |  28.6
            +---------+---------+-------+---------+---------+-------
        D:1 |      34 |      21 |  38.2 |      22 |      11 |  33.3
        D:2 |      15 |      15 |  50.0 |       8 |       1 |  11.1
            +---------+---------+-------+---------+---------+-------
